 Dungeon Crawl Stone Soup version 0.25.0-11-g1f837a7 (webtiles) character file.

Game seed: 8694102008016966809

13365 ratboy the Basher (level 11, -10/142 HPs)
             Began as a Demigod Hunter on June 25, 2020.
             Mangled by a large slime creature (28 damage)
             ... on level 12 of the Dungeon.
             The game lasted 00:30:21 (13268 turns).

ratboy the Basher (Demigod Hunter)                 Turns: 13268, Time: 00:30:22

Health: -10/142    AC: 25    Str: 29    XL:     11   Next: 46%
Magic:  14/14      EV:  2    Int: 15    God:
Gold:   373        SH:  0    Dex: 18    Spells: 10/10 levels left

rFire    . . .     SeeInvis .   a - +6 dire flail (vorpal)
rCold    . . .     Gourm    .   (shield currently unavailable)
rNeg     + + +     Faith    .   (armour currently unavailable)
rPois    +         Spirit   .   (helmet currently unavailable)
rElec    .         Reflect  +   (cloak currently unavailable)
rCorr    .         Harm     .   (gloves currently unavailable)
MR       +....     NoTele   +   (boots currently unavailable)
Stlth    +.........             J - amulet of reflection
HPRegen  0.33/turn              h - ring of poison resistance
MPRegen  0.14/turn              w - +6 ring of strength

@: confused, brilliant, tree-form (expiring), stab, hasted, very quick
A: agile 1, blurry vision 1, high mp 1, strong 1
a: no special abilities


You were on level 12 of the Dungeon.
You were hungry.
You were a tree.
You visited 2 branches of the dungeon, and saw 14 of its levels.

You collected 485 gold pieces.
You spent 112 gold pieces at shops.

Inventory:

Hand Weapons
 a - a +6 vorpal dire flail (weapon)
 b - a +0 whip of electrocution
 o - a +1 mace of protection
 N - a +2 whip of flaming
Missiles
 c - 15 javelins (quivered)
 d - 4 throwing nets
 p - 7 boomerangs
 C - 11 atropa-tipped darts
 F - 32 poisoned darts
Armour
 i - a +0 pair of gloves (melded)
 s - +0 acid dragon scales
 E - a +3 scale mail of cold resistance (melded)
 K - a +2 robe of magic resistance
 S - a +2 cloak (melded)
Jewellery
 h - a ring of poison resistance (left branch)
 r - an uncursed amulet of regeneration {unknown}
 w - a +6 ring of strength (right branch)
 A - an uncursed ring of stealth
 J - an amulet of reflection (around neck)
 O - an uncursed ring of positive energy {unknown}
Wands
 m - a wand of random effects (19)
 t - a wand of digging (4)
 M - a wand of flame (14)
Scrolls
 e - a scroll of random uselessness {unknown}
 j - 5 scrolls of identify
 n - 6 scrolls of remove curse
 q - 4 scrolls of teleportation
 y - 3 scrolls of magic mapping {unknown}
 B - a scroll of fear {unknown}
 G - 3 scrolls of enchant armour {unknown}
 H - a scroll of brand weapon {unknown}
 I - 2 scrolls of blinking {unknown}
 P - a scroll of immolation {unknown}
 V - a scroll of noise {unknown}
Potions
 l - a potion of mutation
 u - 2 potions of brilliance
 z - 2 potions of flight
 D - 2 potions of lignification
 Q - 4 potions of curing
Comestibles
 f - 17 rations


   Skills:
 + Level 8.3 Fighting
 * Level 9.1 Maces & Flails
 + Level 9.0 Throwing
 + Level 5.4 Armour
 - Level 6.0 Dodging
 - Level 6.0 Stealth


You had 10 spell levels left.
You didn't know any spells.
Your spell library was empty.

Dungeon Overview and Level Annotations

Branches:
Dungeon (13/15)            Temple (1/1) D:5            Lair (0/6) D:10
    Orc (0/2) D:9
 Vaults: D:13-14

Shops:
D:5 }   D:6 }   D:10 }

Annotations:
D:5 1 runed translucent door, SpecialK6886's ghost, novice BaFi


Innate Abilities, Weirdness & Mutations

You have an increased reservoir of magic. (+10% MP)
((You are partially covered in icy blue scales. (AC +2)))
You are agile. (Dex +2)
Scrolls take you a little longer to read.
Your muscles are strong. (Str +2)


Message History

The large slime creature hits you but does no damage.
It was a potion of stabbing.
You feel ready to backstab. The large slime creature hits you.
* * * LOW HITPOINT WARNING * * *
It was a potion of ambrosia.
You are confused.
You feel invigorated.
Your transformation is almost over.
You feel yourself speed up.
The large slime creature completely misses you.
You cannot move. (Use ctrl+direction or * direction to attack without moving.)
You cannot move. (Use ctrl+direction or * direction to attack without moving.)
You nearly hit yourself!
The large slime creature barely misses you.
You sock the large slime creature!
The large slime creature is heavily wounded.
You hit the large slime creature.
The large slime creature is severely wounded.
The large slime creature hits you!!
You die...

........................
....##...................
..# ###.................
#.# #.#............####
#(##.##............# #$$#
##...>....... #$c#
##...........
.##J##............
#♣#.....####### ##(..####
#.....# .........#
##########


You could see a large slime creature and a centaur.

Vanquished Creatures
  2 two-headed ogres
  2 unseen horrors
  Pikel (D:6)
  A cyclops (D:9)
  Maurice (D:8)
  A centaur zombie (D:10)
  Psyche (D:9)
  A komodo dragon (D:11)
  A troll (D:10)
  5 slime creatures
  A merfolk (D:9)
  A wraith (D:12)
  5 wyverns
  A human (D:9)
  A basilisk (D:10)
  6 yaks (D:10)
  Grum (D:10)
  2 hungry ghosts
  A steam dragon (D:10)
  Edmund (D:3)
  2 wargs (D:9)
  An acid dragon (D:10)
  Duvessa (D:4)
  An orc warrior (D:7)
  2 ice beasts
  4 slaves (D:5)
  4 sky beasts
  A hornet zombie (D:7)
  A black bear (D:8)
  An ogre (D:10)
  2 wolves (D:10)
  A centaur (D:5)
  3 phantoms
  2 crocodiles
  3 bullfrogs
  A gnoll sergeant (D:6)
  Dowan (D:4)
  4 scorpions
  A water moccasin skeleton (D:5)
  A wyvern skeleton (D:7)
  6 killer bees
  4 wights
  An electric eel (D:8)
  2 howler monkeys (D:8)
  2 crimson imps
  5 orc priests
  Crazy Yiuf (D:4)
  6 hounds
  3 centaur skeletons
  2 bullfrog skeletons
  5 iguanas
  Natasha (thrice) (D:3)
  15 orc wizards
  10 worker ants
  A worker ant zombie (D:5)
  4 gnolls (D:7)
  11 adders
  4 shadow imps
  3 worms
  4 dart slugs
  5 leopard geckos
  47 orcs
  6 ball pythons
  3 bats
  6 giant cockroaches
  8 goblins
  9 hobgoblins
  15 jackals
  9 kobolds
  5 quokkas
  9 frilled lizards
  10 rats
297 creatures vanquished.

Notes
Turn   | Place    | Note
-------+----------+-------------------------------------------
     0 | D:1      | ratboy the Demigod Hunter began the quest for the Orb.
     0 | D:1      | Reached XP level 1. HP: 17/17 MP: 3/3
    31 | D:1      | Reached skill level 1 in Stealth
   199 | D:1      | Reached XP level 2. HP: 24/24 MP: 4/4
   969 | D:2      | Reached XP level 3. HP: 29/29 MP: 5/5
  1297 | D:2      | Found an iron altar of Okawaru.
  1302 | D:2      | Found a shimmering blue altar of Sif Muna.
  1403 | D:2      | Found a glowing golden altar of the Shining One.
  1551 | D:2      | Reached XP level 4. HP: 27/37 MP: 6/6
  2147 | D:2      | Found a blossoming altar of Fedhas.
  2147 | D:2      | Found a radiant altar of Vehumet.
  2173 | D:3      | Noticed Natasha
  2177 | D:3      | Killed Natasha
  2288 | D:3      | Found a hazy altar of Hepliaklqana.
  2584 | D:3      | Reached XP level 5. HP: 11/44 MP: 7/7
  2799 | D:3      | Noticed Natasha
  2818 | D:3      | Killed Natasha
  3130 | D:3      | Noticed Natasha
  3133 | D:3      | Killed Natasha
  3658 | D:4      | Noticed Duvessa
  3658 | D:4      | Noticed Dowan
  3701 | D:4      | Noticed Edmund
  3808 | D:3      | Killed Edmund
  3808 | D:3      | Reached XP level 6. HP: 11/51 MP: 8/8
  4160 | D:4      | Reached skill level 5 in Throwing
  4424 | D:4      | Found a runed translucent door.
  4425 | D:4      | Noticed Crazy Yiuf
  4429 | D:4      | Killed Crazy Yiuf
  4429 | D:4      | Reached XP level 7. HP: 58/58 MP: 9/9
  4569 | D:4      | Killed Duvessa
  4734 | D:4      | Killed Dowan
  4898 | D:5      | Entered Level 5 of the Dungeon
  5012 | D:5      | Found Kadghuema's Gadget Shop.
  5019 | D:5      | Bought a wand of flame (14) for 112 gold pieces
  5156 | D:5      | Found a staircase to the Ecumenical Temple.
  5332 | Temple   | Entered the Ecumenical Temple
  5654 | D:5      | Reached XP level 8. HP: 58/67 MP: 10/10
  5703 | D:5      | Reached skill level 5 in Stealth
  5707 | D:5      | Found a glowing silver altar of Zin.
  5708 | D:5      | Found an opulent altar of Gozag.
  5796 | D:5      | Reached skill level 5 in Fighting
  5825 | D:5      | Reached skill level 5 in Dodging
  6019 | D:5      | Found a runed translucent door.
  6020 | D:5      | Noticed SpecialK6886's ghost (novice BaFi)
  6256 | D:6      | Reached skill level 1 in Maces & Flails
  6321 | D:6      | Found Pesuvuqo's Gadget Boutique.
  6379 | D:6      | Noticed Pikel
  6587 | D:6      | Killed Pikel
  7023 | D:6      | Reached XP level 9. HP: 75/75 MP: 11/11
  7795 | D:7      | Found a bloodstained altar of Trog.
  8108 | D:8      | Found a sparkling altar of Nemelex Xobeh.
  8229 | D:8      | Noticed Maurice
  8239 | D:8      | Killed Maurice
  8239 | D:8      | Reached skill level 1 in Armour
  8914 | D:8      | Reached skill level 5 in Maces & Flails
  9695 | D:9      | Found a staircase to the Orcish Mines.
  9699 | D:9      | Noticed a cyclops
  9731 | D:9      | Killed a cyclops
  9731 | D:9      | Reached XP level 10. HP: 72/84 MP: 13/13
  9965 | D:9      | Noticed Psyche
  9972 | D:9      | Killed Psyche
 10004 | D:9      | Noticed a two-headed ogre
 10019 | D:9      | Killed a two-headed ogre
 10716 | D:10     | Entered Level 10 of the Dungeon
 10835 | D:10     | Noticed a two-headed ogre
 10850 | D:10     | Killed a two-headed ogre
 10891 | D:10     | Found Kakk's Gadget Emporium.
 11422 | D:10     | Killed an unseen horror
 11593 | D:10     | Noticed Grum
 11627 | D:10     | Killed Grum
 11627 | D:10     | Reached XP level 11. HP: 66/93 MP: 14/14
 12201 | D:10     | Found a staircase to the Lair.
 12411 | D:11     | Killed an unseen horror
 12411 | D:11     | Reached skill level 5 in Armour
 12679 | D:11     | You fall into a shaft and drop 1 floor!
 13244 | D:12     | HP: 6/141 [large slime creature (11)]
 13262 | D:12     | Gained mutation: Your muscles are strong. (Str +2) [potion
                  | of mutation]
 13262 | D:12     | Gained mutation: You are partially covered in icy blue
                  | scales. (AC +2) [potion of mutation]
 13262 | D:12     | Gained mutation: Scrolls take you a little longer to read.
                  | [potion of mutation]
 13262 | D:12     | Gained mutation: You are agile. (Dex +2) [potion of
                  | mutation]
 13263 | D:12     | HP: 4/142 [large slime creature (6)]
 13268 | D:12     | Mangled by a large slime creature

Illustrated notes

Levels and vault maps discovered:
D:1:      onia_arrival_pyramid, layout_rooms
D:2:      layout_basic, gammafunk_temple_overflow_wave, lemuel_doored_altar,
          minitemple
D:3:      layout_loops_corners, lemuel_crystal_altar, first_ration, uniq_natasha
D:4:      layout_rooms, uniq_duvessa, uniq_edmund, uniq_crazy_yiuf_cottage
D:5:      layout_loops_ring, grunt_temple_overflow_gold_and_silver,
          minmay_temple_entry_overgrown, serial_shops, nicolae_shop_trees,
          ebering_ghost_reflecting_pool
D:6:      layout_basic, serial_shops, nicolae_shop_trees, uniq_pikel
D:7:      layout_basic, trog_butcher_becter
D:8:      layout_basic, basic_altar, uniq_maurice
D:9:      layout_layer_cave, erik_orc_4, hangedman_fish_farm, uniq_psyche
D:10:     layout_long_grid, erik_lair_dragon, serial_shops,
          nicolae_shop_waterfront, uniq_grum
D:11:     layout_rooms
D:12:     layout_irregular_city, minmay_crystal_room, minivault_22, uniq_rupert
D:13:     lemuel_ice_statue, layout_long_grid, erik_vaults_1,
          due_unseen_surprise, uniq_nessos
Temple:   dpeg_chambers_temple

Skill      XL: |  1  2  3  4  5  6  7  8  9 10 11 |
---------------+----------------------------------+-----
Stealth        | 1 2 3 4 5 6 |  6.0
Fighting       | 2 3 4 5 6 7 8 |  8.3
Dodging        | 2 3 4 5 6 |  6.0
Throwing       | 4 5 6 7 8 9 |  9.0
Maces & Flails | 3 5 7 9 |  9.1
Armour         | 2 4 5 |  5.4

Action                   |  1- 3 |  4- 6 |  7- 9 | 10-12 || total
-------------------------+-------+-------+-------+-------++-------
Melee: Short sword       |   159 |     5 |       |       ||   164
       Long sword        |       |    61 |       |       ||    61
       Dire flail        |       |    49 |   362 |   203 ||   614
       Whip              |       |       |    36 |       ||    36
Throw: Boomerang         |    18 |    81 |     8 |    15 ||   122
       Javelin           |       |     8 |     4 |    33 ||    45
       Dart              |       |    11 |    21 |    18 ||    50
  Use: Scroll            |       |       |     4 |       ||     4
       Potion            |       |       |       |    12 ||    12
 Stab: Invisible         |       |     1 |       |       ||     1
       Sleeping          |       |       |     4 |     2 ||     6
  Eat: Chunk             |     2 |     9 |    22 |    10 ||    43
Armor: Leather armour    |    12 |       |       |       ||    12
       Scale mail        |    43 |    60 |   156 |    83 ||   342
       Skin              |       |       |       |    17 ||    17
Dodge: Dodged            |   100 |    90 |   232 |   125 ||   547
Block: Other             |       |       |    24 |    34 ||    58
       Reflection        |       |       |     3 |     2 ||     5
       Rpst.: Long sword |       |    13 |       |       ||    13
